 Dungeon Crawl Stone Soup version 0.29-a0-919-gd064cfad1c (webtiles) character file.

Game seed: 9037656333894098444

210 concernfroge the Trooper (level 5, -2/42 HPs)
             Began as a Mummy Monk on July 27, 2022.
             Slain by a gnoll
             ... wielding a +0 spear
              (6 damage)
             ... on level 4 of the Dungeon.
             The game lasted 00:12:52 (2767 turns).

concernfroge the Trooper (Mummy Monk)               Turns: 2767, Time: 00:12:53

Health: -2/42      AC:  9    Str: 16    XL:     5   Next: 57%
Magic:  5/5        EV:  7    Int: 10    God:
Gold:   192        SH:  0    Dex: 14    Spells: 4/4 levels left

rFire   x . .      SeeInvis .   a - +2 spear
rCold   + . .      Faith    .   (no shield)
rNeg    + + +      Spirit   .   l - +0 chain mail
rPois   ∞          Reflect  .   (no helmet)
rElec   .          Harm     .   f - +0 cloak
rCorr   .          Rampage  .   (no gloves)
Will    .....                   (no boots)
Stlth   ..........              (no amulet)
HPRegen 0.14/turn               (no ring)
MPRegen 0.09/turn               (no ring)

@: no status effects
A: cold resistance 1, negative energy resistance 3, torment resistance 2, heat
vulnerability 1, in touch with death 1, no potions
a: no special abilities


You were on level 4 of the Dungeon.
You visited 1 branch of the dungeon, and saw 4 of its levels.

You collected 192 gold pieces.

Inventory:

Hand Weapons
 a - a +2 spear (weapon)
Missiles
 k - an atropa-tipped dart (quivered)
Armour
 f - a +0 cloak (worn)
 l - a +0 chain mail (worn)
Wands
 d - a wand of polymorph (4)
Scrolls
 b - a scroll of immolation
 c - 3 scrolls of magic mapping
 h - a scroll of teleportation


   Skills:
 + Level 4.1 Fighting
 + Level 3.3 Polearms
 + Level 3.3 Dodging
 + Level 3.0 Stealth


You had 4 spell levels left.
You didn't know any spells.
Your spell library contained the following spells:

 Spells                   Type           Power      Damage    Failure   Level
 Call Canine Familiar     Summ           0%         N/A       100%        3
 Portal Projectile        Hex/Tloc       0%         N/A       100%        3
 Summon Guardian Golem    Hex/Summ       0%         N/A       100%        3
 Leda's Liquefaction      Hex/Erth       0%         N/A       100%        4
 Orb of Destruction       Conj           0%         9d5       100%        7
 Spellforged Servitor     Conj/Summ      0%         N/A       100%        7


Dungeon Overview and Level Annotations

Branches:
Dungeon (4/15)
 Temple: D:4-7

Altars:
Okawaru

Annotations:
D:3 Sigmund


Innate Abilities, Weirdness & Mutations

You are immune to poison.
Your flesh is cold resistant. (rC+)
You are immune to negative energy. (rN+++)
You are immune to unholy pain and torment.
You are vulnerable to heat. (rF-)
You are in touch with the powers of death.
You do not drink.


Message History

An iguana comes into view.
The iguana hisses angrily.
You reach to attack!
You puncture the iguana!
The iguana is moderately wounded.
A gnoll comes into view.
It is wielding a +0 spear and quivering curare-tipped darts.
A gnoll comes into view. It is wielding a +0 spear.
The gnoll shouts!
You hit the iguana.
The iguana is heavily wounded.
The iguana bites you.
You hit the iguana.
The iguana is heavily wounded.
The iguana closely misses you.
You hit the iguana.
The iguana is severely wounded.
The iguana bites you.
You hit the iguana.
The iguana is almost dead.
You closely miss the iguana.
The iguana is almost dead.
The iguana bites you.
The gnoll hits you from afar with a +0 spear.
You closely miss the iguana.
The iguana is almost dead.
The iguana bites you.
The gnoll hits you from afar with a +0 spear.
You are too injured to fight recklessly!
The iguana attacks as you move away!
The iguana bites you but does no damage.
The iguana attacks as you move away!
The iguana bites you but does no damage.
The iguana attacks as you move away! The iguana bites you!
* * * LOW HITPOINT WARNING * * *
The iguana attacks as you move away! The iguana completely misses you.
You hit the iguana.
The iguana is almost dead.
The iguana bites you!
* * * LOW HITPOINT WARNING * * *
The gnoll hits you from afar with a +0 spear.
You die...

##.. #.# #.# #.# #.# #.#
##########.#
#########..........#
#.l@......########.#
######g#########......... #.
#......#########.######.#
.#...###...g.......!##...#####.#
................###............#
.....##########.# ####...####...
... #.######...####.## #
#........#.)....#
########...######


You could see an iguana and 2 gnolls.

Vanquished Creatures
  2 orc priests (D:4)
  Terence (D:2)
  Natasha (D:3)
  4 adders (D:2)
  3 dart slugs
  An orc (D:4)
  4 endoplasms
  3 giant cockroaches
  8 goblins
  6 hobgoblins
  4 quokkas
  4 ball pythons
  4 bats
  6 frilled lizards
  6 kobolds
  6 rats
63 creatures vanquished.

Notes
Turn   | Place    | Note
-------+----------+-------------------------------------------
     0 | D:1      | concernfroge the Mummy Monk began the quest for the Orb.
     0 | D:1      | Reached XP level 1. HP: 18/18 MP: 1/1
   291 | D:1      | Reached XP level 2. HP: 24/24 MP: 2/2
   307 | D:1      | Found a faded altar of an unknown god.
   943 | D:1      | Gained mutation: You are in touch with the powers of death.
                  | [Mummy growth]
   943 | D:1      | Reached XP level 3. HP: 27/29 MP: 3/3
  1451 | D:2      | Reached XP level 4. HP: 35/35 MP: 4/4
  1972 | D:2      | Noticed Terence
  2006 | D:2      | Killed Terence
  2320 | D:3      | Noticed Natasha
  2332 | D:3      | Killed Natasha
  2333 | D:3      | Reached XP level 5. HP: 36/42 MP: 5/5
  2381 | D:3      | Noticed Sigmund
  2405 | D:4      | Found an iron altar of Okawaru.
  2537 | D:4      | Reached skill level 4 in Fighting
  2767 | D:4      | Slain by a gnoll

Illustrated notes

Levels and vault maps discovered:
D:1:      dpeg_arrival_arbitrary_c, layout_rooms, basic_ecumenical_altar
D:2:      layout_basic, minmay_vboxes, uniq_terence
D:3:      layout_loops_cross, mainiacjoe_overflow_alcove_1, minmay_diced_spiral,
          uniq_natasha, uniq_sigmund, uniq_robin
D:4:      layout_loops_ring, kennysheep_okawaru_gauntlet,
          mainiacjoe_overflow_concentric_impassable, minmay_temple_entry_hall,
          amethyst_killhole, uniq_grinder

Skill      XL: |  1  2  3  4  5 |
---------------+----------------+-----
Stealth        | 2 3 |  3.0
Polearms       | 3 |  3.3
Dodging        | 3 |  3.3
Fighting       | 4 |  4.1

Action                   |  1- 3 |  4- 6 || total
-------------------------+-------+-------++-------
Melee: Spear             |   139 |   111 ||   250
       Punch             |     5 |     3 ||     8
Throw: Dart              |     1 |    14 ||    15
       Javelin           |    10 |    16 ||    26
  Use: Scroll            |     2 |     5 ||     7
 Stab: Sleeping          |     1 |     4 ||     5
       Invisible         |       |     1 ||     1
Armor: Robe              |     5 |       ||     5
       Leather armour    |    24 |    16 ||    40
       Chain mail        |       |    15 ||    15
Dodge: Dodged            |    73 |    57 ||   130

Table legend: (Time is in decaauts)
 A = Elapsed time spent in this place.
 B = Non-inter-level travel time spent in this place.
 C = Inter-level travel time spent in this place.
 D = Time resting spent in this place.
 E = Time spent auto-exploring this place.
 F = Levels seen in this place.
 G = Mean time per level.
                   A        B        C        D        E       F      G
               +--------+--------+--------+--------+--------+-----+--------+
         Total |   2768 |   2662 |    106 |    230 |   1903 |   4 |  692.0 |
       Dungeon |   2768 |   2662 |    106 |    230 |   1903 |   4 |  692.0 |
               +--------+--------+--------+--------+--------+-----+--------+

Top non-repeatable levels by time:
     D:1: 1188 daAuts
     D:2: 1104 daAuts
     D:4: 378 daAuts
     D:3: 97 daAuts
